 Dungeon Crawl Stone Soup version 0.17.1-2-g5865329 (webtiles) character file.

1086 MirrMurr the Covert (level 8, -1/36 HPs)
             Began as a Spriggan Enchanter on Jan 15, 2016.
             Slain by a killer bee (6 damage)
             ... on level 9 of the Dungeon.
             The game lasted 00:17:12 (5968 turns).

MirrMurr the Covert (Spriggan Enchanter)            Turns: 5968, Time: 00:17:12

Health: -1/36      AC:  4    Str:  4    XL:     8   Next: 9%
Magic:  4/18       EV: 18    Int: 19    God:
Gold:   333        SH:  0    Dex: 16    Spells: 4 memorised, 11 levels left

rFire  . . .     SeeInvis +     a - +2 dagger
rCold  . . .     Clarity  .     b - +2 robe
rNeg   . . .     SustAt   .     (shield restricted)
rPois  .         Gourm    .     (helmet restricted)
rElec  .         Spirit   .     (no cloak)
rCorr  .         Warding  .     (gloves unavailable)
rMut   .         Stasis   .     (boots unavailable)
MR     +....                    (no amulet)
Stlth  ++++++....               (no ring)
                                (no ring)

@: very slightly contaminated, very quick, somewhat resistant to hostile
enchantments, very stealthy
A: unfitting armour, see invisible, herbivore 3, speed 3, slow metabolism 2
a: no special abilities


You were on level 9 of the Dungeon.
You were not hungry.

You visited 1 branch of the dungeon, and saw 8 of its levels.

You collected 333 gold pieces.

Inventory:

Hand Weapons
 a - a +2 dagger (weapon)
 x - a +1 vampiric dagger
Missiles
 h - 187 stones (quivered)
 m - 7 tomahawks
Armour
 b - a +2 robe (worn)
 y - a steam dragon hide
Jewellery
 e - an uncursed ring of sustain attributes {unknown}
 f - a cursed ring of loudness {unknown}
 k - an uncursed ring of magical power {unknown}
 q - an uncursed ring of protection from fire {unknown}
 w - the ring "Rovuvvir" {rPois rN+ Int-4 SInv, unknown}
   (You found it on level 4 of the Dungeon)

   [ring of positive energy]

   It affects your intelligence (-4).
   It protects you from poison.
   It protects you from negative energy.
   It lets you see invisible.
 E - an uncursed ring of stealth {unknown}
 H - an uncursed ring of sustain attributes {unknown}
 I - an uncursed ring of sustain attributes {unknown}
Scrolls
 p - 4 scrolls of enchant weapon
 t - 3 scrolls of blinking
 u - a scroll of amnesia
 C - 4 scrolls of identify
 D - 3 scrolls of remove curse
 F - a scroll of fog
 J - a scroll of enchant armour
Potions
 g - 3 potions of invisibility
 i - 2 potions of flight {unknown}
 j - 2 potions of brilliance {unknown}
 l - 2 potions of curing
 n - a potion of cure mutation {unknown}
 o - a potion of degeneration {unknown}
 r - a potion of might {unknown}
 s - a potion of experience {unknown}
 v - 2 potions of mutation {unknown}
 z - a potion of poison {unknown}
 A - a potion of lignification {unknown}
 G - 2 potions of ambrosia {unknown}
Books
 c - a book of Maledictions

   Spells                             Type                      Level
   a - Corona                         Hexes                        1
   b - Ensorcelled Hibernation        Hexes/Ice                    2
   c - Confuse                        Hexes                        3
   d - Tukima's Dance                 Hexes                        3
   e - Dazzling Spray                 Conjuration/Hexes            3
 K - a book of Envenomations

   Spells                             Type                      Level
   a - Spider Form                    Transmutation/Poison         3
   b - Alistair's Intoxication        Transmutation/Poison         4
   c - Olgreb's Toxic Radiance        Poison                       4
   d - Poisonous Cloud                Conjuration/Poison/Air       6
Comestibles
 d - 3 bread rations
 B - 8 fruits


   Skills:
 - Level 1.1 Short Blades
 - Level 3.0 Dodging
 * Level 12.8 Stealth
 + Level 6.5 Spellcasting
 - Level 3.6 Hexes


You had 11 spell levels left.
You knew the following spells:

 Your Spells              Type           Power        Failure   Level  Hunger
a - Ensorcelled Hibernat  Hex/Ice        ##....       10%         2    None
b - Confuse               Hex            ###.....     10%         3    ##.....
c - Corona                Hex            ###....      2%          1    None
d - Dazzling Spray        Conj/Hex       ##......     17%         3    ##.....


Dungeon Overview and Level Annotations

Branches:
Dungeon (9/15)               Lair (0/8) D:9
 Temple: D:4-7          Orc: D:9-12

Altars:
Nemelex Xobeh
Okawaru
Qazlal
Ru
Sif Muna
Vehumet
Zin

Shops:
D:9 *


Innate Abilities, Weirdness & Mutations

You are tiny and cannot use many weapons and most armour.
You have supernaturally acute eyesight.
You are a herbivore.
You cover ground extremely quickly.
You need consume almost no food.


Message History

Confirm with . or Enter, or press ? or * to list all spells.
Aiming: Ensorcelled Hibernation
Press: ? - help, Shift-Dir - straight line, f/p - killer bee
Aim: a killer bee (chance to defeat MR: 52%)
The killer bee looks drowsy...
You are too injured to fight recklessly!
You are too injured to fight recklessly!
The helpless killer bee fails to defend itself.
You stick the killer bee like a pincushion!!!
You kill the killer bee!
The killer bee stings you.
* * * LOW HITPOINT WARNING * * *
Casting: Ensorcelled Hibernation
Confirm with . or Enter, or press ? or * to list all spells.
Aiming: Ensorcelled Hibernation
Press: ? - help, Shift-Dir - straight line, f/p - killer bee
Aim: a killer bee (chance to defeat MR: 52%)
You miscast Ensorcelled Hibernation.
You feel a strange surge of energy! The killer bee stings you.
You die...

#.#####.........##.#
#.........#.##. ...#
#########.#.#####..#####.
#..#...?.........
#.###..........#
##.#..###..###.#.
#.#.##....>$...
#..#y..........
###@####.###.## #.# .# #
#.# .. #.# ### #.. ###


You could see a killer bee.

Vanquished Creatures
  The ghost of AlfredTheGreat the Slasher, an amateur MiBe of Trog (D:4)
  A water moccasin (D:5)
  An ogre (D:9)
  A centaur (D:9)
  A giant frog (D:9)
  A water moccasin zombie (D:5)
  A wyvern skeleton (D:9)
  3 killer bees (D:9)
  A crimson imp (D:5)
  An iguana (D:6)
  2 worker ants
  A hound skeleton (D:4)
  Robin (D:3)
  7 adders
  A shadow imp (D:9)
  An ooze (D:2)
  2 worms
  A giant gecko (D:9)
  7 orcs
  7 bats
  3 giant cockroaches
  18 goblins
  8 hobgoblins
  3 quokkas
  A giant gecko skeleton (D:4)
  4 giant newts
  8 kobolds
  A quokka skeleton (D:4)
  14 rats
102 creatures vanquished.

Notes
Turn   | Place    | Note
--------------------------------------------------------------
     0 | D:1      | MirrMurr the Spriggan Enchanter began the quest for the Orb.
     0 | D:1      | Reached XP level 1. HP: 9/9 MP: 5/5
   895 | D:1      | Reached skill level 5 in Stealth
  1239 | D:1      | Reached XP level 2. HP: 13/13 MP: 6/6
  1243 | D:1      | Learned a level 2 spell: Ensorcelled Hibernation
  1527 | D:1      | Reached skill level 6 in Stealth
  1936 | D:2      | Reached XP level 3. HP: 16/16 MP: 8/8
  1941 | D:2      | Learned a level 3 spell: Confuse
  2071 | D:2      | Found a sacrificial altar of Ru.
  2083 | D:2      | Reached skill level 7 in Stealth
  2201 | D:2      | Reached XP level 4. HP: 21/21 MP: 9/9
  2209 | D:2      | Learned a level 3 spell: Dazzling Spray
  2644 | D:3      | Found a radiant altar of Vehumet.
  2658 | D:3      | Found a sparkling altar of Nemelex Xobeh.
  3084 | D:3      | Noticed Robin
  3712 | D:3      | Killed Robin
  3950 | D:4      | Found an iron altar of Okawaru.
  3951 | D:4      | Reached skill level 8 in Stealth
  3959 | D:4      | Reached XP level 5. HP: 17/24 MP: 8/11
  4114 | D:4      | Got a crude jade ring
  4239 | D:4      | Noticed AlfredTheGreat's ghost (amateur MiBe)
  4479 | D:4      | Killed AlfredTheGreat's ghost
  4479 | D:4      | Reached skill level 10 in Stealth
  4479 | D:4      | Reached XP level 6. HP: 16/28 MP: 2/14
  4793 | D:5      | Entered Level 5 of the Dungeon
  4810 | D:5      | Reached skill level 5 in Spellcasting
  4884 | D:5      | Noticed a water moccasin
  4910 | D:5      | Killed a water moccasin
  4910 | D:5      | Reached XP level 7. HP: 22/32 MP: 9/16
  5326 | D:5      | Reached skill level 11 in Stealth
  5463 | D:5      | Found a deep blue altar of Sif Muna.
  5618 | D:6      | You fall through a shaft for 3 floors!
  5648 | D:9      | Found a staircase to the Lair.
  5677 | D:9      | Found Zin's Purification Station.
  5680 | D:9      | Found a stormy altar of Qazlal.
  5698 | D:9      | Found a glowing silver altar of Zin.
  5787 | D:9      | Reached skill level 12 in Stealth
  5879 | D:9      | Reached XP level 8. HP: 36/36 MP: 12/18
  5968 | D:9      | Slain by a killer bee

Action                   |  1- 3 |  4- 6 |  7- 9 || total
-------------------------+-------+-------+-------++-------
Melee: Dagger            |    92 |   139 |    36 ||   267
 Cast: Ensorcelled Hiber |       |    10 |    11 ||    21
       Confuse           |       |     6 |     1 ||     7
  Use: Scroll            |     6 |     2 |     4 ||    12
       Potion            |       |       |     1 ||     1
 Stab: Sleeping          |    18 |    21 |    16 ||    55
       Distracted        |     1 |       |       ||     1
       Confused          |       |     3 |     2 ||     5
  Eat: Bread ration      |       |     1 |       ||     1
